 Dungeon Crawl Stone Soup version 0.29-a0-1033-gb6c65ffae6 (webtiles) character file.

Game seed: 9991616814539503405

156 porpoise the Changer (level 5, -2/46 HPs)
             Began as a Draconian Transmuter on Aug 15, 2022.
             Slain by Natasha (4 damage)
             ... on level 2 of the Dungeon.
             The game lasted 00:05:03 (2241 turns).

porpoise the Changer (Draconian Transmuter)         Turns: 2241, Time: 00:05:03

Health: -2/46      AC:  5    Str: 13    XL:     5   Next: 14%
Magic:  8/8        EV: 12    Int: 13    God:
Gold:   56         SH:  0    Dex: 19    Spells: 7/8 levels left

rFire   . . .      SeeInvis .   a - +0 short sword
rCold   . . .      Faith    .   (no shield)
rNeg    . . .      Spirit   .   (body armour unavailable)
rPois   .          Reflect  .   (helmet currently unavailable)
rElec   .          Harm     .   (no cloak)
rCorr   .          Rampage  .   (no gloves)
Will    .....                   (boots currently unavailable)
Stlth   ++........              (no amulet)
HPRegen 0.15/turn               m - +6 ring of dexterity
MPRegen 0.11/turn               (no ring)

@: mighty, appendages, slowed, very slow
A: horns 2, talons 2, AC +5, unfitting armour, cold-blooded
a: End Transformation


You were on level 2 of the Dungeon.
You had temporarily grown beastly horns and talons.
You visited 1 branch of the dungeon, and saw 2 of its levels.

You collected 56 gold pieces.

Inventory:

Hand Weapons
 a - a +0 short sword (weapon)
 b - a +0 sling
 h - a +0 dagger
Jewellery
 m - a +6 ring of dexterity (left hand)
Wands
 q - a wand of flame (9)
Scrolls
 c - 2 scrolls of amnesia {unknown}
 d - a scroll of acquirement {unknown}
 e - a scroll of noise {unknown}
 i - a scroll of torment {unknown}
 j - a scroll of identify {unknown}
 k - a scroll of magic mapping {unknown}
 l - a scroll of poison {unknown}
Potions
 f - 2 potions of might
 g - a potion of lignification
 n - a potion of haste {unknown}
 o - a potion of degeneration {unknown}
 p - a potion of magic {unknown}


   Skills:
 + Level 3.9 Fighting
 - Level 1.7 Dodging
 - Level 3.0 Unarmed Combat
 - Level 2.0 Spellcasting
 + Level 4.0 Transmutations


You had 7 spell levels left.
You knew the following spells:

 Your Spells              Type           Power      Damage    Failure   Level
a - Beastly Appendage     Tmut           22%        N/A       4%          1

Your spell library contained the following spells:

 Spells                   Type           Power      Damage    Failure   Level
 Wereblood                Tmut           11%        N/A       8%          2
 Spider Form              Tmut/Pois      6%         N/A       32%         3
 Ice Form                 Ice/Tmut       6%         N/A       73%         4


Dungeon Overview and Level Annotations

Branches:
Dungeon (2/15)

Altars:

Annotations:
D:2 Natasha


Innate Abilities, Weirdness & Mutations

You have temporarily grown beastly horns and talons.
Your plain brown scales are hard. (AC +5)
You cannot fit into any form of body armour.
You are cold-blooded and may be slowed by cold attacks.


Message History

Casting: Beastly Appendage (safe; 4% risk of failure)
Confirm with . or Enter, or press ? or * to list all spells.
You grow a pair of large bovine horns.
Your feet morph into talons.
Natasha stares at you and mumbles some strange words.
You resist with some effort.
Natasha howls an incantation.
Natasha's front paws start to glow.
You hit Natasha but do no damage. You claw Natasha.
Your headbutt misses Natasha.
Natasha is moderately wounded.
Natasha casts a spell at you.
You feel as though you will be slow longer.
Natasha completely misses you.
You closely miss Natasha. You claw Natasha, but do no damage.
You headbutt Natasha.
Natasha is heavily wounded.
Natasha claws you!
Natasha mumbles some strange words.
You completely miss Natasha. Your kick misses Natasha.
Natasha is heavily wounded.
Natasha claws you!
The iron imp hits you but does no damage.
You closely miss Natasha. Your kick misses Natasha.
Natasha is heavily wounded.
Natasha claws you.
* * * LOW HITPOINT WARNING * * *
The iron imp hits you.
* * * LOW HITPOINT WARNING * * *
Natasha stares at you and mumbles some strange words.
The magic dart hits you.
* * * LOW HITPOINT WARNING * * *
It was a potion of might.
You feel very mighty all of a sudden. The iron imp barely misses you.
Natasha claws you.
* * * LOW HITPOINT WARNING * * *
Unknown command.
You hit Natasha. Your kick misses Natasha. Your punch misses Natasha.
Natasha is almost dead.
Natasha claws you.
You die...

.....# #.# #.# ...#.# #.#
#.## .....#####.# #..#
.......†...# ##.##
.......##### #..#
......)# #####.###..#
.......# #..†.......#
.......# ###....#.....#
.......# #.....@#.....#
.......# #....5h##.#....
##.....####......##...###
..........'......'.....
###.#######......###..##
#. #............ #.
#.#.#######.. #.# #.#.# .
#.# #.#########


You could see an iron imp (summoned) and Natasha.

Vanquished Creatures
  Natasha (twice) (D:2)
  5 adders (D:2)
  2 gnolls (D:2)
  5 endoplasms
  2 giant cockroaches (D:1)
  2 goblins
  A hobgoblin (D:1)
  6 jackals (D:1)
  2 quokkas (D:1)
  3 ball pythons
  6 bats
  2 frilled lizards (D:1)
  4 kobolds
  3 rats
45 creatures vanquished.

Notes
Turn   | Place    | Note
-------+----------+-------------------------------------------
     0 | D:1      | porpoise the Draconian Transmuter began the quest for the
                  | Orb.
     0 | D:1      | Reached XP level 1. HP: 16/16 MP: 3/3
   359 | D:1      | Reached XP level 2. HP: 21/24 MP: 5/5
  1004 | D:1      | Reached XP level 3. HP: 30/30 MP: 6/6
  1159 | D:2      | Reached skill level 3 in Transmutations
  1328 | D:2      | Noticed Natasha
  1337 | D:2      | Killed Natasha
  1338 | D:2      | Reached XP level 4. HP: 30/38 MP: 5/7
  2213 | D:2      | Noticed Natasha
  2221 | D:2      | Killed Natasha
  2222 | D:2      | Reached skill level 4 in Transmutations
  2222 | D:2      | Reached XP level 5. HP: 29/46 MP: 8/8
  2232 | D:2      | Noticed Natasha
  2240 | D:2      | HP: 2/46 [Natasha (3)]
  2241 | D:2      | Slain by Natasha

Illustrated notes

Levels and vault maps discovered:
D:1:      giann_forest_graveyard, layout_basic
D:2:      layout_basic, uniq_natasha, uniq_robin

Skill      XL: |  1  2  3  4 |
---------------+-------------+-----
Fighting       | 2 3 |  3.9
Transmutations | 3 4 |  4.0
Dodging        | |  1.7
Unarmed Combat | |  3.0
Spellcasting   | |  2.0

Action                   |  1- 3 |  4- 6 || total
-------------------------+-------+-------++-------
Melee: Unarmed           |    13 |       ||    13
       Dagger            |    18 |       ||    18
       Headbutt          |     9 |     4 ||    13
       Kick              |    11 |    11 ||    22
       Tailslap          |     4 |     4 ||     8
       Short sword       |    47 |    44 ||    91
       Punch             |     2 |     1 ||     3
 Fire: Sling             |    32 |    12 ||    44
 Cast: Beastly Appendage |    11 |     7 ||    18
  Use: Potion            |       |     1 ||     1
Armor: Skin              |    30 |    15 ||    45
Dodge: Dodged            |    65 |    25 ||    90

Table legend: (Time is in decaauts)
 A = Elapsed time spent in this place.
 B = Non-inter-level travel time spent in this place.
 C = Inter-level travel time spent in this place.
 D = Time resting spent in this place.
 E = Time spent auto-exploring this place.
 F = Levels seen in this place.
 G = Mean time per level.
                   A        B        C        D        E       F      G
               +--------+--------+--------+--------+--------+-----+--------+
         Total |   2267 |   2245 |     22 |    975 |    864 |   2 | 1133.5 |
       Dungeon |   2267 |   2245 |     22 |    975 |    864 |   2 | 1133.5 |
               +--------+--------+--------+--------+--------+-----+--------+

Top non-repeatable levels by time:
     D:1: 1342 daAuts
     D:2: 924 daAuts
